 Dungeon Crawl Stone Soup version 0.32-a0-22-g6ae6769602 (webtiles) character file.

Game seed: 3873779920711442030

110703 Implojin the Marksmummy (level 16, -14/122 HPs)
             Began as a Mummy Enchanter on Jan 18, 2024.
             Was a High Priest of Hepliaklqana.
             Killed by an exploding scorpion (31 damage)
             ... ignited by their inner flame
             ... on level 2 of the Orcish Mines on Jan 19, 2024.
             The game lasted 01:19:22 (29903 turns).

Implojin the Marksmummy (Mummy Enchanter)          Turns: 29903, Time: 01:19:23

Health: -14/122    AC: 20    Str: 11    XL:     16   Next: 7%
Magic:  19/22      EV: 18    Int: 15    God:    Hepliaklqana [*****.]
Gold:   3022       SH:  0    Dex: 25    Spells: 20/20 levels left

rFire   . . .        N - +5 longbow (flame)
rCold   + . .        (shield currently unavailable)
rNeg    + + +        C - +1 ring mail {rF+}
rPois   ∞            O - +2 helmet
rElec   .            K - +1 cloak
rCorr   .            j - +1 pair of gloves
SInv    .            t - +2 pair of boots
Will    +++..        x - amulet of regeneration
Stlth   ++           z - ring of Edghiatav {Wiz Will+ Dex+5}
HPRegen 1.20/turn    D - +4 ring of protection
MPRegen 0.18/turn

%: faith, wizardry (x1)
@: studying Fighting
A: reduced essence, cold resistance 1, negative energy resistance 3, torment
resistance 2, heat vulnerability 1, in touch with death 2, no potions, faith
a: Renounce Religion, Recall Ancestor, Ancestor Identity, Transference, Idealise


You were on level 2 of the Orcish Mines.
You worshipped Hepliaklqana.
Hepliaklqana was extremely pleased with you.
You visited 4 branches of the dungeon, and saw 23 of its levels.
You also visited: Sewer, Ossuary, Bailey and Ice Cave.

You collected 3022 gold pieces.

Inventory:

Hand Weapons
 e - the +9 dagger of Pevefos {freeze, SInv}
   (You found it on level 13 of the Dungeon)

   SInv:      It lets you see invisible.
 I - a +0 arbalest
 N - a +5 longbow of flaming (weapon)
Missiles
 l - 9 javelins
 m - 5 throwing nets
 s - 10 silver javelins
 T - 8 curare-tipped darts
Armour
 f - a +0 cloak of preservation
 j - a +1 pair of gloves (worn)
 t - a +2 pair of boots (worn)
 u - a +0 troll leather armour
 y - a +2 scale mail of willpower
 A - a +2 robe of resistance
 C - a +1 ring mail of fire resistance (worn)
 G - a +2 ring mail of willpower
 K - a +1 cloak (worn)
 O - a +2 helmet (worn)
 P - +0 acid dragon scales
 S - the +4 leather armour of Kutzu {rC+}
   (You found it on level 12 of the Dungeon)

   rC+:       It protects you from cold.
Magical Staves
 H - a staff of air
Jewellery
 b - a ring of see invisible
 g - a ring of protection from cold
 h - a ring of flight
 i - a +6 ring of strength
 k - a ring of protection from fire
 x - an amulet of regeneration (around neck)
 z - the ring of Edghiatav (left hand) {Wiz Will+ Dex+5}
   (You found it in an ice cave)

   [ring of wizardry]

   Wiz:       It improves your spell success rate.
   Dex+5:     It affects your dexterity (+5).
   Will+:     It increases your willpower.
 D - a +4 ring of protection (right hand)
 R - a ring of ice
Wands
 a - a wand of polymorph (6)
 d - a wand of light (20)
 q - a wand of paralysis (7)
 r - a wand of roots (4)
 w - a wand of flame (25)
 Y - a wand of mindburst (10)
Scrolls
 c - 4 scrolls of poison
 o - 3 scrolls of brand weapon
 p - 2 scrolls of immolation
 B - a scroll of fog
 F - 2 scrolls of enchant weapon
 J - 2 scrolls of blinking
 L - 4 scrolls of torment
 M - 8 scrolls of teleportation
 U - a scroll of enchant armour
 X - a scroll of fear
 Z - a scroll of revelation
Miscellaneous
 v - a phantom mirror (inert)
 E - a sack of spiders (inert)
 Q - a condenser vane
 V - a phial of floods
 W - a lightning rod (4/4)


   Skills:
 - Level 15.0 Fighting
 - Level 2.0 Short Blades
 - Level 18.0 Ranged Weapons
 - Level 1.0 Throwing
 * Level 10.6 Dodging
 - Level 2.6 Stealth
 - Level 2.6 Spellcasting
 - Level 2.6 Hexes
 - Level 8.0 Invocations
 - Level 3.0 Evocations


You had 20 spell levels left.
You didn't know any spells.
Your spell library contained the following spells:

 Spells                   Type           Power      Damage    Failure   Level
 Slow                     Hex            40%        N/A       7%          1
 Jinxbite                 Hex            20%        N/A       11%         2
 Ensorcelled Hibernation  Hex/Ice        12%        N/A       17%         2
 Magic Dart               Conj           8%         1d3       21%         1
 Necrotise                Necr           16%        1d4       21%         1
 Confusing Touch          Hex            10%        N/A       21%         3
 Sigil of Binding         Hex            10%        N/A       21%         3
 Tukima's Dance           Hex            10%        N/A       21%         3
 Blink                    Tloc           4%         N/A       28%         2
 Cigotuvi's Dreadful Rot  Necr/Alch/Air  8%         N/A       28%         2
 Lesser Beckoning         Tloc           4%         N/A       28%         2
 Momentum Strike          Conj/Tloc      4%         3d8       28%         2
 Searing Ray              Conj           4%         2d4       28%         2
 Static Discharge         Conj/Air       4%         3-4/arc   28%         2
 Dazzling Flash           Conj/Hex       12%        N/A       32%         3
 Vampiric Draining        Necr           4%         2d6       50%         3
 Cause Fear               Hex            5%         N/A       52%         4
 Airstrike                Air            1%         2d(1-17)  86%         4
 Animate Dead             Necr           4%         N/A       86%         4
 Fulminant Prism          Conj/Alch      1%         3d5       86%         4
 Ignite Poison            Fire/Alch      2%         N/A       86%         4
 Martyr's Knell           Necr/Summ      4%         N/A       86%         4
 Petrify                  Alch/Erth      2%         N/A       86%         4
 Sticky Flame             Fire/Alch      2%         2d4       86%         4
 Summon Blazeheart Golem  Fire/Summ      2%         N/A       86%         4
 Summon Lightning Spire   Summ/Air       2%         N/A       86%         4
 Vhi's Electric Charge    Tloc/Air       4%         N/A       86%         4
 Summon Mana Viper        Hex/Summ       6%         N/A       95%         5
 Yara's Violent Unravell  Hex/Alch       3%         3d4       95%         5
 Arcjolt                  Conj/Air       1%         1d11      99%         5
 Borgnjor's Vile Clutch   Necr/Erth      2%         N/A       99%         5
 Curse of Agony           Necr           4%         N/A       99%         5
 Fireball                 Conj/Fire      1%         3d3       99%         5
 Freezing Cloud           Conj/Ice/Air   1%         6-21      99%         5
 Irradiate                Conj/Alch      1%         3d12      99%         5
 Iskenderun's Battlesphe  Conj           2%         2d6       99%         5
 Summon Forest            Summ/Tloc      1%         N/A       99%         5
 Bombard                  Conj/Erth      1%         9d1       100%        6
 Death Channel            Necr           2%         N/A       100%        6
 Plasma Beam              Fire/Air       1%         2x1d11    100%        6
 Summon Cactus Giant      Summ           1%         N/A       100%        6
 Enfeeble                 Hex            5%         N/A       100%        7
 Orb of Destruction       Conj           1%         9d5       100%        7
 Spellforged Servitor     Conj/Summ      1%         N/A       100%        7
 Ignition                 Fire           1%         3d3       100%        8
 Dragon's Call            Summ           1%         N/A       100%        9
 Sublimation of Blood     Necr           Unusable   N/A       N/A         2

Dungeon Overview and Level Annotations

Branches:
Dungeon (15/15)            Temple (1/1) D:5            Lair (5/5) D:10
 Shoals (0/4) Lair:2       Spider (0/4) Lair:3        Slime (0/5) Lair:5
    Orc (2/2) D:11         Vaults (0/5) D:14         Depths (0/4) D:15
  Sewer (visited)         Ossuary (visited)          Bailey (visited)
  IceCv (visited)
    Elf: Orc:2

Altars:
Ashenzari
Cheibriados
Dithmenos
Fedhas
Gozag
Hepliaklqana
Kikubaaqudgha
Makhleb
Nemelex Xobeh
Okawaru
Qazlal
Ru
Sif Muna
Trog
Uskayaw
Vehumet
Wu Jian
Xom
Yredelemnul

Shops:
D:1 :   D:12 (

Annotations:
Orc:2 Saint Roka


Innate Abilities, Weirdness & Mutations

Your life essence is reduced to manifest your ancestor. (-10% HP)
You are immune to poison.
Your flesh is cold resistant. (rC+)
You are immune to negative energy. (rN+++)
You are immune to unholy pain and torment.
You are vulnerable to heat. (rF-)
You are strongly in touch with the powers of death.
You do not drink.
You have a special connection with the divine. (Faith)


Message History

The orc sorcerer dies!
You shoot an arrow.
The arrow closely misses the orc warrior.
The orc shouts!
The arrow hits the orc warrior!!
The arrow burns the orc warrior!
The orc warrior is almost dead.
Saint Roka shimmers and vanishes!
Your scorpion stings something.
The orc wizard casts a spell.
The orc wizard flickers and vanishes!
Something hits you but does no damage.
The orc tears the web.
The orc warrior hits you from afar with a +0 halberd!
An orc comes into view. It is wielding a +0 whip.
The orc priest mumbles some strange prayers to Beogh against you.
Beogh smites you!
Saint Roka roars a battlecry!
The orc goes into a battle-frenzy!
Okay, then.
Okay, then.
Really read the scroll of immolation?
As you read the scroll of immolation, it crumbles to dust.
The creatures around you are filled with an inner flame!
Your scorpion stings something.
Flame seeps out of something.
Your scorpion poisons something!
An orc wizard comes into view. It is wielding a +0 dagger.
Reactivating autopickup.
You feel a bit more experienced.
The orc wizard explodes!
The fiery explosion engulfs your scorpion!!
Your scorpion's corpse disappears in a puff of smoke!
The fiery explosion engulfs you!!
The fiery explosion engulfs your scorpion!!
Your scorpion's corpse disappears in a puff of smoke!
The fiery explosion engulfs the orc warrior!!!
The orc warrior explodes!
The fiery explosion engulfs you!!
Your scorpion explodes!
The fiery explosion engulfs the orc warrior!!
The fiery explosion engulfs you!!
You die...

# ...... ..... #
......####....... ..
.....o..........#.....#.
oo..)..........##....#.
#...o........ .......
##..§§§§....## ......
o#...§§§§.....#####.....
oooR.§○@§......##.......
o.)..§§§........#.....#.
..^.....##............#.
.......$.##........###..
......#.####.......# ##.
....#.### #.......## ##
..#### ##.......# ..
##...#.## ##..###


You could see the friendly 🦀 the knight (inner flame, idealised), Saint Roka
(inner flame), 2 orc priests, an orc wizard (strong) and 5 orcs.

Vanquished Creatures
  Frances (D:14)
  An ironbound thunderhulk (D:14)
  3 dire elephants
  3 hydras
  Erolcha (D:10)
  A catoblepas (Lair:2)
  3 vault guards (D:14)
  An ogre mage (D:15)
  2 centaur warriors
  4 boulder beetles
  6 two-headed ogres
  2 tengu warriors
  Urug (Lair:4)
  6 occultists (D:12)
  A skyshark (Lair:1)
  Amaemon (Lair:3)
  9 skeletal warriors
  The ghost of indigowater the Frost Mage, a novice GnIE (D:7)
  7 arcanists (D:12)
  An obsidian statue (Lair:5)
  2 orc knights
  2 deep elf pyromancers
  A deep elf zephyrmancer (D:12)
  2 necromancers (Lair:5)
  Pikel (D:6)
  A salamander (D:15)
  6 ugly things
  6 cyclopes
  2 orc sorcerers
  6 manticores
  7 elephants
  A meliai (shapeshifter) (D:14)
  5 meliai
  Maurice (D:10)
  6 slime creatures
  2 ice statues
  A dire elephant zombie (Lair:5)
  2 gargoyles
  8 cane toads
  4 freezing wraiths
  2 komodo dragons
  An unseen horror zombie (D:9)
  An anaconda simulacrum (IceCv)
  A polar bear (Lair:4)
  10 ice devils (IceCv)
  2 tengu conjurers
  3 trolls
  A wind drake (Lair:2)
  A queen bee (D:13)
  2 hornets
  13 blink frogs
  Sigmund (D:6)
  4 culicivoras
  A shadow (D:9)
  3 basilisks
  3 wyverns
  A vampire (D:7)
  50 yaks
  3 humans
  Eustachio (D:6)
  A golden eye (Orc:2)
  2 wraiths
  Grum (Bailey)
  9 wargs
  9 vampire mosquitoes
  6 death yak simulacra
  A steam dragon (D:7)
  10 water moccasins
  3 hydra simulacra (IceCv)
  2 sky beasts
  21 orc warriors
  3 black bears
  An elephant zombie (Lair:5)
  Pargi (Sewer)
  An ice beast (D:7)
  4 centaurs
  5 ogres
  2 elephant skeletons (Lair:5)
  18 wolves
  2 phantoms
  A brain worm (Sewer)
  4 kobold brigands
  10 bullfrogs
  2 gnoll sergeants (Bailey)
  A two-headed ogre simulacrum (IceCv)
  4 cane toad simulacra (IceCv)
  A scorpion (D:5)
  2 burial acolytes (Ossuary)
  8 wights
  14 killer bees (D:13)
  3 elephant simulacra
  3 electric eels
  7 howler monkeys
  3 centaur zombies
  3 bombardier beetles
  9 hounds
  14 orc priests
  A jelly (D:4)
  4 gnoll boudas (Bailey)
  2 iguanas
  A sleepcap (D:5)
  Terence (D:3)
  18 orc wizards
  4 polar bear simulacra (IceCv)
  3 wolf simulacra (IceCv)
  A killer bee zombie (D:9)
  2 hound zombies (D:4)
  A hound skeleton (D:4)
  5 mummies (Ossuary)
  3 howler monkey zombies (D:9)
  19 gnolls
  2 naga simulacra (IceCv)
  5 adders
  8 white imps (Lair:4)
  4 ufetubi
  2 adder zombies (D:4)
  3 adder skeletons (D:4)
  A dart slug (D:4)
  2 ribbon worms
  70 orcs
  10 ball pythons
  5 bats
  10 endoplasms
  3 giant cockroaches
  3 gnoll zombies (Ossuary)
  9 goblins
  8 hobgoblins
  9 jackals
  15 kobolds
  4 quokkas
  5 frilled lizards
  3 kobold zombies (Ossuary)
  An orc zombie (Ossuary)
  3 rats (D:1)
666 creatures vanquished.

Vanquished Creatures (collateral kills)
  A dire elephant (Lair:5)
  A death yak (Lair:5)
  2 boulder beetles
  2 two-headed ogres (D:15)
  An occultist (D:12)
  A skyshark (Lair:3)
  A spectral anaconda (Lair:5)
  An arcanist (D:12)
  A deep elf pyromancer (D:14)
  A manticore (D:14)
  3 necromancers
  2 orc sorcerers (Orc:2)
  An ugly thing (D:15)
  A meliai (D:13)
  8 elephants
  An orange demon (Lair:3)
  2 cane toads
  A torpor snail (Lair:4)
  An unseen horror (D:12)
  A gargoyle (D:14)
  A kobold demonologist (D:11)
  A rime drake (Lair:4)
  3 tengu conjurers
  2 ice devils (IceCv)
  2 freezing wraiths (IceCv)
  2 trolls
  A hornet (D:9)
  A vampire (D:11)
  2 slime creatures (D:12)
  2 wraiths
  A dire elephant simulacrum (Lair:5)
  22 yaks
  A shadow (D:11)
  A warg (D:15)
  A steam dragon (D:7)
  3 vampire mosquitoes
  A spectral cane toad (Lair:5)
  A harpy simulacrum (IceCv)
  2 acid dragons
  3 water moccasins
  An ice beast (D:7)
  An orc warrior (D:9)
  A sky beast (D:7)
  4 wolves
  A bullfrog (Lair:4)
  A scorpion (D:7)
  3 gnoll sergeants (Bailey)
  A cane toad simulacrum (IceCv)
  3 wights (D:3)
  2 elephant simulacra (IceCv)
  8 killer bees (D:13)
  A howler monkey (D:10)
  A centaur zombie (D:9)
  A hound (D:7)
  7 orc priests
  Crazy Yiuf (D:2)
  2 gnoll boudas
  A sleepcap (D:7)
  9 orc wizards
  A polar bear simulacrum (IceCv)
  A howler monkey zombie (D:9)
  7 gnolls
  A naga simulacrum (IceCv)
  6 white imps
  An ufetubus (D:6)
  18 orcs
170 creatures vanquished.

Vanquished Creatures (others)
  An occultist (D:12)
  18 knights
  7 ancestors
  An orc (D:7)
27 creatures vanquished.

Grand Total: 863 creatures vanquished

Notes
Turn   | Place    | Note
-------+----------+-------------------------------------------
     0 | D:1      | Implojin the Mummy Enchanter began the quest for the Orb.
     0 | D:1      | Reached XP level 1. HP: 13/13 MP: 4/4
    60 | D:1      | Reached skill level 1 in Short Blades
   273 | D:1      | Reached XP level 2. HP: 19/19 MP: 5/5
   443 | D:1      | Reached skill level 1 in Ranged Weapons
   514 | D:1      | Reached XP level 3. HP: 24/24 MP: 7/7
   750 | D:1      | Found Memo's Book Boutique.
  1078 | D:1      | Reached skill level 2 in Ranged Weapons
  1226 | D:2      | Reached skill level 1 in Fighting
  1284 | D:2      | Reached XP level 4. HP: 32/32 MP: 8/8
  1504 | D:2      | Found a runed translucent door.
  1505 | D:2      | Noticed Crazy Yiuf
  1704 | D:2      | Found a faded altar of an unknown god.
  1717 | D:2      | Noticed Terence
  1937 | D:2      | HP: 1/32 [orc/+0 club (3)]
  2175 | D:2      | Found a faded altar of an unknown god.
  2519 | D:2      | Found a runed translucent door.
  2937 | D:3      | Reached XP level 5. HP: 38/38 MP: 9/9
  2943 | D:3      | Reached skill level 3 in Ranged Weapons
  2963 | D:3      | Found a radiant altar of Vehumet.
  3604 | D:3      | Found an ancient bone altar of Kikubaaqudgha.
  4106 | D:4      | Reached skill level 4 in Ranged Weapons
  4106 | D:4      | Reached XP level 6. HP: 43/44 MP: 10/10
  4119 | D:4      | Found a sand-covered staircase.
  4245 | Ossuary  | Entered an ossuary
  4619 | Ossuary  | Reached skill level 5 in Ranged Weapons
  4619 | Ossuary  | Reached XP level 7. HP: 52/52 MP: 11/11
  5412 | D:4      | Reached skill level 6 in Ranged Weapons
  5584 | D:4      | Noticed an angel
  5630 | D:5      | Entered Level 5 of the Dungeon
  5740 | D:5      | Found a glowing drain.
  5758 | Sewer    | Entered a sewer
  5883 | Sewer    | Reached skill level 5 in Fighting
  5883 | Sewer    | Reached XP level 8. HP: 61/62 MP: 12/12
  5950 | Sewer    | Noticed Pargi
  5972 | Sewer    | Killed Pargi
  6359 | D:5      | Reached skill level 7 in Ranged Weapons
  6554 | D:5      | Noticed a hornet
  6567 | D:5      | HP: 1/62 [hornet (14)]
  6774 | D:5      | Found a staircase to the Ecumenical Temple.
  6780 | Temple   | Entered the Ecumenical Temple
  6788 | Temple   | Became a worshipper of Hepliaklqana the Forgotten
  7346 | D:6      | Reached skill level 1 in Throwing
  7532 | D:6      | Reached skill level 8 in Ranged Weapons
  7560 | D:6      | Noticed Pikel
  7580 | D:6      | Killed Pikel
  7581 | D:6      | Reached XP level 9. HP: 71/71 MP: 13/13
  7619 | D:6      | Noticed Eustachio
  7637 | D:6      | Killed Eustachio
  7638 | D:6      | Reached skill level 1 in Evocations
  7782 | D:6      | Noticed Sigmund
  7790 | D:6      | Killed Sigmund
  8088 | D:6      | Reached * piety under Hepliaklqana
  8363 | D:6      | Found a stormy altar of Qazlal.
  8434 | D:7      | Found an opulent altar of Gozag.
  8479 | D:7      | Found a burning altar of Makhleb.
  8506 | D:7      | Found a snail-covered altar of Cheibriados.
  8794 | D:7      | Reached skill level 9 in Ranged Weapons
  9290 | D:7      | Found a transporter.
  9295 | D:7      | Noticed indigowater's ghost (novice GnIE)
  9304 | D:7      | Reached XP level 10. HP: 71/71 MP: 14/14
  9310 | D:7      | Found a transporter.
  9312 | D:7      | Noticed an ice statue
  9333 | D:7      | Found a broken altar of Ashenzari.
  9913 | D:5      | Reached skill level 10 in Ranged Weapons
 10005 | D:5      | Found a staircase to the Ecumenical Temple.
 10654 | D:3      | Found an ancient bone altar of Kikubaaqudgha.
 10690 | D:3      | Found a radiant altar of Vehumet.
 10873 | D:3      | Killed Terence
 11350 | D:2      | Killed Crazy Yiuf
 11489 | D:8      | Found a flagged portal.
 11495 | D:8      | Noticed a gargoyle
 11512 | D:8      | Killed a gargoyle
 11516 | Bailey   | Entered a bailey
 12271 | Bailey   | Noticed Grum
 12297 | Bailey   | Killed Grum
 12622 | D:8      | Reached skill level 11 in Ranged Weapons
 12787 | D:8      | Found an ornate altar of the Wu Jian Council.
 12873 | D:8      | Reached ** piety under Hepliaklqana
 12874 | D:8      | Remembered your ancestor 🦀 as a knight
 13269 | D:8      | Found a hide-covered altar of Uskayaw.
 13291 | D:8      | Found a shimmering blue altar of Sif Muna.
 13478 | D:9      | Found a shadowy altar of Dithmenos.
 14105 | D:9      | Reached XP level 11. HP: 77/77 MP: 15/15
 14153 | D:9      | Reached skill level 12 in Ranged Weapons
 14357 | D:9      | Found a sacrificial altar of Ru.
 14583 | D:9      | Reached *** piety under Hepliaklqana
 14839 | D:10     | Entered Level 10 of the Dungeon
 14839 | D:10     | Noticed a boulder beetle
 14839 | D:10     | Found Cyrchutses's Antique Armour Shop.
 14855 | D:9      | Killed a boulder beetle
 15170 | D:10     | Found a staircase to the Lair.
 15218 | D:10     | Noticed Erolcha
 15419 | D:10     | Reached skill level 10 in Fighting
 15489 | D:10     | Reached skill level 1 in Invocations
 15872 | D:10     | Killed Erolcha
 16187 | D:10     | Noticed Maurice
 16200 | D:10     | Killed Maurice
 16504 | D:11     | Reached skill level 5 in Invocations
 16651 | D:11     | Reached **** piety under Hepliaklqana
 16993 | D:11     | Noticed a brown ugly thing
 17008 | D:11     | Killed a brown ugly thing
 17416 | D:11     | Reached XP level 12. HP: 45/87 MP: 17/17
 17650 | D:11     | Found a staircase to the Orcish Mines.
 17902 | D:11     | Identified a scroll of acquirement
 17903 | D:11     | Acquired a +5 longbow of flaming
 17957 | Lair:1   | Entered Level 1 of the Lair of Beasts
 18676 | Lair:1   | Reached skill level 13 in Ranged Weapons
 18832 | Lair:1   | Identified the +10 mace of Reinforcement {flame, rPois rN+
                  | Int-4}
 19339 | Lair:2   | Noticed a catoblepas
 19347 | Lair:2   | Killed a catoblepas
 19709 | Lair:2   | Found a staircase to the Shoals.
 19720 | Lair:2   | Noticed a boulder beetle
 19724 | Lair:2   | Reached skill level 14 in Ranged Weapons
 19728 | Lair:2   | Killed a boulder beetle
 20012 | Lair:2   | Reached ***** piety under Hepliaklqana
 20474 | Lair:3   | Noticed Amaemon
 20477 | Lair:3   | Gained mutation: You are strongly in touch with the powers
                  | of death. [Mummy growth]
 20477 | Lair:3   | Reached XP level 13. HP: 60/92 MP: 19/19
 20484 | Lair:3   | Killed Amaemon
 21296 | Lair:3   | Found a hole to the Spider Nest.
 21522 | Lair:4   | Reached skill level 15 in Ranged Weapons
 21558 | Lair:4   | Found a frozen archway.
 21569 | IceCv    | Entered an ice cave
 21769 | IceCv    | Identified the ring of Edghiatav {Wiz Will+ Dex+5}
 21801 | IceCv    | Found an ancient bone altar of Kikubaaqudgha.
 22282 | IceCv    | Reached skill level 16 in Ranged Weapons
 22560 | Lair:4   | Noticed Urug
 22572 | Lair:4   | Killed Urug
 23139 | Lair:5   | Entered Level 5 of the Lair of Beasts
 23296 | Lair:5   | Reached XP level 14. HP: 103/103 MP: 20/20
 23357 | Lair:5   | Found a staircase to the Slime Pits.
 24076 | Lair:5   | Reached skill level 17 in Ranged Weapons
 24675 | D:7      | Killed indigowater's ghost
 24992 | D:12     | Noticed Nergalle
 24995 | D:12     | Nergalle changed into Nergalle the culicivora
 24995 | D:12     | Noticed Nergalle
 25000 | D:12     | Killed Nergalle the culicivora
 25075 | D:12     | Reached skill level 18 in Ranged Weapons
 25181 | D:12     | Found Sutetuso's Antique Weapon Emporium.
 25716 | D:12     | Reached skill level 15 in Fighting
 25832 | D:12     | Identified the +4 leather armour of Kutzu {rC+}
 25843 | D:12     | Reached XP level 15. HP: 87/116 MP: 21/21
 26407 | D:13     | Reached skill level 5 in Dodging
 26561 | D:13     | Identified the +9 dagger of Pevefos {freeze, SInv}
 27191 | D:14     | Identified the +7 flail of Execution {antimagic, rN++}
 27206 | D:14     | Found a sparkling altar of Nemelex Xobeh.
 27364 | D:14     | Found a gate to the Vaults.
 27577 | D:14     | Noticed Frances
 27648 | D:14     | Killed Frances
 28010 | D:15     | Entered Level 15 of the Dungeon
 28578 | D:15     | Reached skill level 10 in Dodging
 28639 | D:15     | Found a staircase to the Depths.
 28779 | D:15     | Reached XP level 16. HP: 122/122 MP: 22/22
 29168 | Orc:1    | Entered Level 1 of the Orcish Mines
 29736 | Orc:2    | Entered Level 2 of the Orcish Mines
 29762 | Orc:2    | Noticed Sonja
 29768 | Orc:2    | Sonja changed into Sonja the golden eye
 29768 | Orc:2    | Noticed Sonja
 29769 | Orc:2    | Killed Sonja the golden eye
 29893 | Orc:2    | Noticed Saint Roka
 29903 | Orc:2    | Killed by an exploding scorpion... ignited by their inner
                  | flame

Illustrated notes

Levels and vault maps discovered:
D:1:      erik_arrival_triangle_small, layout_loops_corners, serial_shops, shop
D:2:      kennysheep_big_flooded_room, layout_basic,
          shapermc_ecumenical_altar_mp_urbaneastern, uniq_crazy_yiuf_cottage,
          uniq_terence
D:3:      layout_loops_corners, mainiacjoe_overflow_catwalk, vehumet_crystals,
          hangedman_feature_mirror
D:4:      layout_loops_cross, zin_angel, mainiacjoe_ossuary_entry_find_the_door,
          chequers_serial_rivers_micro_a
D:5:      layout_gridville, minmay_temple_entry_fiery,
          mainiacjoe_sewer_entry_somewhere_in_here_2
D:6:      layout_loops_cross, kennysheep_mini_moat,
          lemuel_coloured_pillars_altar, minmay_misc_feat_hallway,
          amethyst_killhole, dreamdust_mushroom_princess, minmay_checkerbox,
          uniq_pikel, uniq_sigmund, uniq_eustachio
D:7:      layout_basic, mainiacjoe_overflow_boulevard, lemuel_round_altar,
          lemuel_crystal_altar, nicolae_gozag_cash_rules_everything_around_me,
          nzn_ghost_randoct
D:8:      layout_loops_ring, nicolae_wu_jian_wuxing_cycle,
          mainiacjoe_overflow_alcove_4, kennysheep_little_box, enter_bailey_2
D:9:      layout_stronghold, lemuel_doored_altar,
          mainiacjoe_overflow_tiny_flanked, serial_undead, serial_undead_d,
          serial_undead_e, serial_undead_e, serial_undead_a,
          hangedman_abyss_or_decor_stabs, kennysheep_generic_room_15
D:10:     layout_gridville, elyvilon_altar_3, erik_lair_orcish_takeover,
          serial_shops, nicolae_stop_n_shop_2, uniq_erolcha, uniq_maurice
D:11:     layout_basic, erik_orc_4
D:12:     minmay_tri_stars, layout_basic, serial_shops,
          nicolae_shop_temple_entry_statues_fountains, nooodl_orcs_dogs,
          uniq_nergalle
D:13:     layout_roguey [special_room_bee]
D:14:     layout_roguey, hellmonk_vaults_keyhole, grunt_decor_resistance,
          nemelex_altar_shiori, uniq_frances
D:15:     hangedman_depths_entry_try_elsewhere_first, layout_cave_pods
Temple:   nicolae_temple_little_seven
Lair:1:   layout_cave_pods, chequers_serial_rivers_micro_d, serial_bayou_shore_a
Lair:2:   layout_long_grid, minmay_shoals_entry_beasts, wad_woods_road_02,
          infiniplex_staircase_pool
Lair:3:   layout_cave_pods, hellmonk_spider_entry_life_and_decay,
          serial_bayou_shore_b, uniq_amaemon
Lair:4:   layout_roguey, portal_ice_cave_entry_imps, st_stairs_9,
          pdpol_lair_neglected_garden, uniq_urug
Lair:5:   due_jungle_book, layout_loops_ring, slime_entry_1,
          lemuel_fruit_fields, grunt_megastairs_5, serial_bayou_shore_b
Orc:1:    layout_caves, nicolae_orc_stalacmites
Orc:2:    pf_orc_diabolical, layout_diamond_mine, uniq_josephine, uniq_donald,
          uniq_saint_roka, uniq_sonja

Skill      XL: |  1  2  3  4  5  6  7  8  9 10 11 12 13 14 15 |
---------------+----------------------------------------------+-----
Short Blades   | 1 2 |  2.0
Ranged Weapons | 1 2 4 5 6 8 9 11 12 14 16 18 | 18.0
Fighting       | 1 2 3 5 6 7 8 10 12 15 | 15.0
Throwing       | 1 |  1.0
Evocations     | 3 |  3.0
Invocations    | 7 8 |  8.0
Dodging        | 2 10 | 10.6
Stealth        | |  2.6
Spellcasting   | |  2.6
Hexes          | |  2.6

Action                     |  1- 3 |  4- 6 |  7- 9 | 10-12 | 13-15 | 16-18 || total
---------------------------+-------+-------+-------+-------+-------+-------++-------
  Melee: Dagger            |    20 |       |       |       |       |       ||    20
   Fire: Sling             |   113 |   271 |   490 |   729 |       |       ||  1603
         Longbow           |       |       |       |   214 |  1085 |    96 ||  1395
  Throw: Dart              |       |     1 |     9 |     6 |       |       ||    16
 Invoke: Ancestor Identity |       |       |     1 |       |       |       ||     1
         Recall Ancestor   |       |       |       |     7 |     5 |       ||    12
         Ancestor Life: Kn |       |       |       |     1 |       |       ||     1
         Idealise          |       |       |       |     3 |    14 |     1 ||    18
  Evoke: Wand              |       |       |     1 |    28 |     5 |     1 ||    35
         Phantom mirror    |       |       |       |       |     3 |     1 ||     4
         Condenser vane    |       |       |       |       |     2 |       ||     2
         Sack of spiders   |       |       |       |       |     1 |     1 ||     2
    Use: Scroll            |       |     6 |     8 |    14 |     4 |     1 ||    33
   Stab: Sleeping          |     1 |       |       |       |       |       ||     1
 Armour: Robe              |     5 |       |       |       |       |       ||     5
         Scale mail        |    84 |       |       |       |       |       ||    84
         Ring mail         |       |   144 |   295 |   321 |   336 |     9 ||  1105
  Dodge: Dodged            |    51 |   146 |   183 |   209 |   181 |     6 ||   776

Table legend: (Time is in decaauts)
 A = Elapsed time spent in this place.
 B = Non-inter-level travel time spent in this place.
 C = Inter-level travel time spent in this place.
 D = Time resting spent in this place.
 E = Time spent auto-exploring this place.
 F = Levels seen in this place.
 G = Mean time per level.
                   A        B        C        D        E       F      G
               +--------+--------+--------+--------+--------+-----+--------+
         Total |  30229 |  28732 |   1497 |   3371 |  17302 |  27 | 1119.6 |
       Dungeon |  20792 |  19572 |   1220 |   2024 |  12544 |  15 | 1386.1 |
        Temple |     16 |     16 |      0 |      0 |      0 |   1 |   16.0 |
          Lair |   5873 |   5610 |    263 |    374 |   3922 |   5 | 1174.6 |
  Orcish Mines |    728 |    715 |     13 |     20 |    542 |   2 |  364.0 |
         Sewer |    425 |    425 |      0 |    238 |     12 |   1 |  425.0 |
       Ossuary |    538 |    538 |      0 |    221 |      0 |   1 |  538.0 |
        Bailey |   1005 |   1005 |      0 |    334 |    129 |   1 | 1005.0 |
      Ice Cave |    848 |    848 |      0 |    160 |    153 |   1 |  848.0 |
               +--------+--------+--------+--------+--------+-----+--------+

Top non-repeatable levels by time:
     D:5: 2144 daAuts
     D:2: 2111 daAuts
     D:3: 2041 daAuts
     D:9: 1809 daAuts
    D:10: 1776 daAuts
  Lair:1: 1430 daAuts
  Lair:5: 1350 daAuts
    D:12: 1275 daAuts
     D:6: 1231 daAuts
    D:11: 1213 daAuts
     D:7: 1159 daAuts
     D:1: 1126 daAuts
  Lair:2: 1124 daAuts
  Lair:3: 1123 daAuts
     D:4: 1092 daAuts
